 Dungeon Crawl Stone Soup version 0.21-a0-71-g5e5ddd2 (webtiles) character file.

9686 nikopol the Cleaver (level 11, 0/150 HPs)
             Began as a Minotaur Berserker on June 18, 2017.
             Was a High Priest of Trog.
             Succumbed to a spiny frog's poison
             ... on level 1 of the Lair of Beasts on June 19, 2017.
             The game lasted 00:25:33 (10925 turns).

nikopol the Cleaver (Minotaur Berserker)           Turns: 10925, Time: 00:25:34

Health: 0/150      AC: 12    Str: 27    XL:     11   Next: 26%
Magic:  0/10       EV: 11    Int:  4    God:    Trog [*****.]
Gold:   990        SH:  0    Dex: 13    Spells: 10/10 levels left

rFire    . . .     SeeInvis .   I - +1 morningstar
rCold    . . .     Gourm    .   (no shield)
rNeg     . . .     Faith    .   p - +1 chain mail
rPois    .         Spirit   +   (helmet restricted)
rElec    .         Reflect  .   e - scarf {Spirit}
rCorr    .         Harm     .   (no gloves)
MR       .....                  (no boots)
Stlth    ..........             (no amulet)
HPRegen  0.35/turn              (no ring)
MPRegen  0.12/turn              (no ring)

@: berserking (expiring), lethally poisoned (0 -> -2), studying Stealth, very
quick
A: retaliatory headbutt, horns 2
a: Berserk, Trog's Hand, Brothers in Arms, Burn Spellbooks, Renounce Religion


You were on level 1 of the Lair of Beasts.
You worshipped Trog.
Trog was extremely pleased with you.
You were very hungry.

You visited 2 branches of the dungeon, and saw 11 of its levels.
You also visited: Ossuary.

You collected 990 gold pieces.

Inventory:

Hand Weapons
 a - a +2 war axe
 h - a +1 hand axe of freezing
 z - a +3 shortbow of freezing
 I - a +1 morningstar (weapon)
 K - a +1 trident
Missiles
 C - 210 arrows
Armour
 e - a scarf of spirit shield (worn)
 p - a +1 chain mail (worn)
Wands
 b - a wand of acid (3/15)
 d - a wand of iceblast (4/15)
 v - a wand of iceblast (5/15)
 w - a wand of lightning (10/15)
 y - a wand of lightning (9/15)
 J - a wand of lightning (4/15)
Scrolls
 i - a scroll of remove curse
 k - 10 scrolls of teleportation
 l - 2 scrolls of magic mapping
 m - 6 scrolls of identify
 n - a scroll of fear
 o - a scroll of noise {unknown}
 q - a scroll of torment {unknown}
 x - a scroll of brand weapon {unknown}
 D - a scroll of acquirement {unknown}
 H - a scroll of enchant armour
 L - a scroll of vulnerability {unknown}
Potions
 g - 2 potions of agility
 j - 2 potions of haste
 s - a potion of heal wounds {unknown}
 t - 2 potions of brilliance
 u - 3 potions of berserk rage
 A - 6 potions of curing
 B - 5 potions of invisibility
 F - a potion of might
 G - 2 potions of resistance
 N - 2 potions of mutation {unknown}
Books
 E - a manual of Stealth
Comestibles
 c - 14 bread rations
 f - 3 meat rations
 r - 6 fruits
 M - 7 chunks of flesh


   Skills:
 + Level 10.2 Fighting
 + Level 10.9 Axes
 + Level 0.2(6.9) Maces & Flails
 + Level 10.4 Bows
 + Level 10.0 Armour
 + Level 4.1 Dodging
 + Level 2.2 Stealth


You had 10 spell levels left.
You didn't know any spells.

Dungeon Overview and Level Annotations

Branches:
Dungeon (10/15)            Temple (0/1) D:4            Lair (1/6) D:10
    Orc (0/2) D:9

Altars:
Cheibriados
Dithmenos
Elyvilon
Gozag
Kikubaaqudgha
Nemelex Xobeh
Qazlal
Ru
Sif Muna
Uskayaw
Xom

Shops:
D:10 (


Innate Abilities, Weirdness & Mutations

You reflexively headbutt those who attack you in melee.
You have a pair of horns on your head.


Message History

The seven-headed hydra is severely wounded.
You feel sick. The seven-headed hydra bites you.
* * * LOW HITPOINT WARNING * * *
The seven-headed hydra barely misses you. x2
The seven-headed hydra bites you but does no damage. x2
The seven-headed hydra bites you!
* * * LOW HITPOINT WARNING * * *
The seven-headed hydra bites you.
* * * LOW HITPOINT WARNING * * *
You bludgeon the seven-headed hydra!!
You kill the seven-headed hydra!
Trog accepts your kill.
Your Armour skill increases to level 10!
* * * LOW HITPOINT WARNING * * *
You feel sick.
You see here 18 gold pieces.
You are too berserk!
You now have 990 gold pieces (gained 18).
You feel a strong urge to attack something.
You die...

.
.................>......
.
........................
.
........................
........##########......
##.P....# #### #.......
#.##...# ..... ##.#####
. ##...##..... #..
+....#...... ..# ##..@†#
...# #...#...... .#.+
...## #.....##..#####.#
....# ##...#.# .# ...#
#....... .. ...# #....
... . ...####
........... .......
....... .........
.......
...................


There were no monsters in sight!

Vanquished Creatures
  A hydra (Lair:1)
  A centaur warrior (D:10)
  A two-headed ogre (D:9)
  The ghost of xgamer67 the Conjurer, a novice HuIE of Kikubaaqudgha (D:10)
  Pikel (D:6)
  An oklob plant (D:10)
  A manticore (D:10)
  A spiny frog (Lair:1)
  A komodo dragon (Lair:1)
  Prince Ribbit (D:5)
  3 hippogriffs
  A spriggan (D:8)
  Menkaure (D:5)
  A water moccasin (D:5)
  Duvessa (D:6)
  A porcupine (Lair:1)
  A sky beast (D:10)
  2 phantoms
  A black bear (D:8)
  5 ogres
  8 centaurs
  A crocodile (Lair:1)
  A big kobold (D:10)
  7 bullfrogs
  2 scorpions (D:8)
  5 howler monkeys
  4 wights (D:8)
  3 electric eels (Lair:1)
  5 crimson imps
  2 centaur zombies
  A quasit (D:10)
  2 jellies
  3 hounds
  3 orc priests
  2 bullfrog skeletons
  3 centaur skeletons
  2 iguanas (D:5)
  5 orc wizards
  11 worker ants
  A killer bee zombie (D:7)
  A big kobold zombie (Ossuary)
  2 hound zombies
  A hound skeleton (D:8)
  9 mummies
  4 gnolls
  18 adders
  3 shadow imps (D:7)
  An ooze (D:1)
  An adder zombie (D:6)
  2 adder skeletons
  A worm (D:6)
  5 dart slugs
  7 leopard geckos
  22 orcs
  2 ball pythons (D:1)
  8 bats
  9 giant cockroaches
  11 goblins
  6 hobgoblins
  7 jackals
  2 quokkas
  6 frilled lizards
  A gnoll zombie (Ossuary)
  2 hobgoblin zombies (Ossuary)
  A jackal skeleton (D:6)
  7 kobolds
  A kobold zombie (Ossuary)
  3 orc zombies (Ossuary)
  11 rats
  6 plants (D:10)
258 creatures vanquished.

Vanquished Creatures (others)
  A slave (D:6)
  An ogre (D:6)
  A bullfrog (D:6)
  Dowan (D:6)
  A crimson imp (D:6)
  A worker ant (D:6)
  2 gnolls (D:6)
8 creatures vanquished.

Grand Total: 266 creatures vanquished

Notes
Turn   | Place    | Note
-------+----------+-------------------------------------------
     0 | D:1      | nikopol the Minotaur Berserker began the quest for the Orb.
     0 | D:1      | Reached XP level 1. HP: 19/19 MP: 0/0
     0 | D:1      | Upgraded the game from 0.21-a0-70-g32e1473 to 0.21-a0-71-g5e5ddd2
   220 | D:1      | Reached XP level 2. HP: 27/27 MP: 1/1
   393 | D:1      | Reached XP level 3. HP: 30/33 MP: 2/2
   425 | D:1      | Reached ** piety under Trog
   813 | D:2      | You fall through a shaft for 2 floors!
   816 | D:4      | Noticed an ogre
   822 | D:4      | Killed an ogre
   822 | D:4      | Reached skill level 5 in Fighting
   822 | D:4      | Reached skill level 5 in Axes
   822 | D:4      | Reached XP level 4. HP: 29/42 MP: 0/3
   822 | D:4      | Reached XP level 5. HP: 34/48 MP: 0/4
  1033 | D:2      | Found a shimmering altar of Xom.
  1759 | D:3      | Found a snail-covered altar of Cheibriados.
  1783 | D:3      | Reached *** piety under Trog
  1986 | D:3      | Reached XP level 6. HP: 56/56 MP: 5/5
  2146 | D:3      | Found a deep blue altar of Sif Muna.
  2613 | D:4      | Found a staircase to the Ecumenical Temple.
  3017 | D:4      | Found a hide-covered altar of Uskayaw.
  3064 | D:4      | Reached **** piety under Trog
  3064 | D:4      | Reached XP level 7. HP: 36/63 MP: 3/6
  3245 | D:4      | You fall through a shaft!
  3245 | D:5      | Entered Level 5 of the Dungeon
  3245 | D:5      | Noticed Prince Ribbit
  3261 | D:5      | Killed Prince Ribbit
  3261 | D:5      | Reached skill level 5 in Armour
  3886 | D:5      | Noticed Menkaure
  3893 | D:5      | Killed Menkaure
  3893 | D:5      | Reached skill level 1 in Stealth
  3893 | D:5      | Reached XP level 8. HP: 47/71 MP: 2/7
  4727 | D:6      | Noticed Pikel
  4743 | D:6      | Killed Pikel
  4778 | D:6      | Killed Dowan
  4799 | D:6      | Noticed Duvessa
  4817 | D:6      | Killed Duvessa
  4817 | D:6      | Reached skill level 1 in Bows
  5008 | D:6      | Found a stormy altar of Qazlal.
  5087 | D:6      | Found a sacrificial altar of Ru.
  5233 | D:6      | Found an opulent altar of Gozag.
  5287 | D:6      | Reached XP level 9. HP: 81/81 MP: 8/8
  5548 | D:6      | Received a gift from Trog
  5942 | D:7      | Found a sand-covered staircase.
  5954 | Ossuary  | Entered an ossuary
  5962 | Ossuary  | Reached ***** piety under Trog
  5962 | Ossuary  | Received a gift from Trog
  6341 | D:7      | Reached skill level 5 in Bows
  6560 | D:7      | Found an ancient bone altar of Kikubaaqudgha.
  7295 | D:8      | Found a sparkling altar of Nemelex Xobeh.
  7411 | D:8      | Found a shadowy altar of Dithmenos.
  7708 | D:8      | Reached XP level 10. HP: 90/90 MP: 9/9
  7726 | D:8      | Reached skill level 10 in Axes
  8136 | D:9      | Noticed a two-headed ogre
  8147 | D:9      | Killed a two-headed ogre
  8226 | D:9      | Found a staircase to the Orcish Mines.
  8683 | D:10     | Entered Level 10 of the Dungeon
  8761 | D:10     | Noticed xgamer67's ghost (novice HuIE)
  8793 | D:10     | Killed xgamer67's ghost
  8876 | D:10     | Noticed an oklob plant
  9096 | D:10     | Killed an oklob plant
  9201 | D:10     | Found a staircase to the Lair.
  9375 | D:10     | Noticed a centaur warrior
  9387 | D:10     | Killed a centaur warrior
  9700 | D:10     | Noticed a manticore
  9712 | D:10     | Killed a manticore
  9712 | D:10     | Reached skill level 10 in Bows
  9712 | D:10     | Reached XP level 11. HP: 83/99 MP: 8/10
  9909 | D:10     | Found a white marble altar of Elyvilon.
  9983 | D:10     | Found Omynk's Antique Weapon Boutique.
 10140 | Lair:1   | Entered Level 1 of the Lair of Beasts
 10166 | Lair:1   | Reached skill level 10 in Fighting
 10909 | Lair:1   | Noticed a seven-headed hydra
 10921 | Lair:1   | HP: 4/148 [seven-headed hydra (7)]
 10921 | Lair:1   | HP: 1/148 [seven-headed hydra (3)]
 10922 | Lair:1   | Killed a seven-headed hydra
 10922 | Lair:1   | Reached skill level 10 in Armour
 10925 | Lair:1   | Succumbed to a spiny frog's poison

Vault maps used:
D:1:      erik_arrival_cave_to_civilisation
D:2:      lemuel_crystal_altar, grunt_ministairs_6
D:3:      lemuel_blue_sif_altar, kennysheep_slug_shrine,
          kennysheep_generic_room_11
D:4:      cheibrodos_barr_body, kennysheep_mini_moat, minmay_temple_entry_fiery,
          first_bread
D:5:      serial_curves, eino_curves_03, eino_curves_02, uniq_prince_ribbit1,
          uniq_menkaure
D:6:      lemuel_coloured_pillars_altar, nicolae_qazlal_general_emergency,
          nicolae_ru_path_of_blood, uniq_duvessa, uniq_pikel
D:7:      lemuel_round_altar, gup_ossuary_entry_pyramid
D:8:      kennysheep_mini, the_bakery, st_stairs_5,
          nicolae_dithmenos_through_a_glass_darkly
D:9:      orc_0_dummy
D:10:     dpeg_oklobed_lair, serial_shops, nicolae_shop_behind_doors,
          basic_altar, st_stairs_13
Lair:1:   nicolae_quartered_pool_super, serial_bayou_shore_a
Ossuary:  ossuary_tomb_3

Skill      XL: |  1  2  3  4  5  6  7  8  9 10 11 |
---------------+----------------------------------+-----
Fighting       | 4 5 6 7 8 9 10 | 10.2
Axes           | 4 5 7 8 9 10 | 10.9
Dodging        | 3 4 |  4.1
Armour         | 3 5 7 8 9 10 | 10.0
Stealth        | 1 2 |  2.2
Bows           | 2 7 10 | 10.4
Maces & Flails | |  0.2

Action                   |  1- 3 |  4- 6 |  7- 9 | 10-12 || total
-------------------------+-------+-------+-------+-------++-------
Melee: Hand axe          |    85 |   165 |   147 |    14 ||   411
       Headbutt          |    13 |    34 |    35 |    35 ||   117
       War axe           |       |    27 |    15 |   109 ||   151
       Morningstar       |       |       |       |     6 ||     6
 Fire: Shortbow          |       |       |   216 |   141 ||   357
Invok: Berserk           |       |       |     4 |     4 ||     8
       Burn Spellbooks   |       |       |     2 |       ||     2
  Use: Scroll            |       |       |    21 |     2 ||    23
       Potion            |       |       |     1 |       ||     1
 Stab: Sleeping          |       |     1 |       |       ||     1
  Eat: Chunk             |       |     7 |    17 |     8 ||    32
       Fruit             |       |       |     1 |       ||     1
       Meat ration       |       |       |       |     1 ||     1
Armor: Animal skin       |    15 |     1 |       |       ||    16
       Chain mail        |       |   106 |    95 |    67 ||   268
Dodge: Dodged            |    53 |   102 |    79 |    70 ||   304
